 Dungeon Crawl Stone Soup version 0.31.0-11-ge490571c62 (webtiles) character file.

Game seed: 5861376212450414504

170785 Ivernyr the Peltast (level 18, -8/154 HPs)
             Began as a Formicid Fighter on Feb 8, 2024.
             Was the Champion of Wu Jian.
             Mangled by a seven-headed hydra simulacrum (44 damage)
             ... in an ice cave.
             The game lasted 01:14:34 (27889 turns).

Ivernyr the Peltast (Formicid Fighter)             Turns: 27889, Time: 01:14:35

Health: -8/154     AC: 21    Str: 34    XL:     18   Next: 63%
Magic:  18/18      EV: 11    Int:  9    God:    Wu Jian [******]
Gold:   1323       SH: 21    Dex: 15    Spells: 17/17 levels left

rFire   + . .        a - +4 quarterstaff (flame)
rCold   . . .        P - +1 kite shield {rF+}
rNeg    . . .        b - quicksilver dragon scales
rPois   .            (helmet unavailable)
rElec   .            v - +0 cloak
rCorr   .            g - +0 pair of gloves
SInv    +            u - +0 pair of boots
Will    ++...        N - amulet of Doenohaq {Reflect Harm Dex+2 SH+5}
Stlth   +            J - +4 ring of slaying
HPRegen 0.45/turn    j - +6 ring of strength
MPRegen 0.16/turn

%: harm (+30% outgoing, +20% incoming), reflection
@: constricted, serpent's lash
A: permanent stasis, dig shafts and tunnels, antennae 3, four strong arms
a: Dig, Renounce Religion, Wall Jump, Serpent's Lash, Heavenly Storm


You were in an ice cave.
You worshipped Wu Jian.
Wu Jian was exalted by your worship.
You visited 4 branches of the dungeon, and saw 25 of its levels.
You also visited: Sewer, Gauntlet, Ice Cave and Wizlab.

You collected 2270 gold pieces.
You spent 947 gold pieces at shops.

Inventory:

Hand Weapons
 a - a +4 quarterstaff of flaming (weapon)
 c - a +2 vampiric executioner's axe
 Y - the +2 glaive "Juorch" {heavy, Str+2}
   (You bought it in a shop on level 2 of the Orcish Mines)

   Str+2:     It affects your strength (+2).
Armour
 b - quicksilver dragon scales (worn)
 g - a +0 pair of gloves (worn)
 u - a +0 pair of boots (worn)
 v - a +0 cloak (worn)
 P - a +1 kite shield of fire resistance (worn)
Jewellery
 j - a +6 ring of strength (right hand)
 r - an amulet of regeneration
 y - a ring of protection from fire
 D - a ring of willpower
 H - the ring "Aghar" {Fly rN+++ Str-3 Int+5 Dex+6}
   (You found it on level 15 of the Dungeon)

   [ring of dexterity]

   Str-3:     It affects your strength (-3).
   Int+5:     It affects your intelligence (+5).
   Dex+6:     It affects your dexterity (+6).
   rN+++:     It renders you almost immune to negative energy.
   Fly:       It grants you flight.
 I - a ring of resist corrosion
 J - a +4 ring of slaying (left hand)
 N - the amulet of Doenohaq (around neck) {Reflect Harm Dex+2 SH+5}
   (You found it in a Gauntlet)

   [amulet of reflection]

   Reflect:   It reflects blocked missile attacks.
   Dex+2:     It affects your dexterity (+2).
   SH+5:      It affects your SH (+5).
   Harm:      It increases damage dealt and taken.
Wands
 l - a wand of paralysis (18)
 o - a wand of flame (40)
 s - a wand of roots (23)
 w - a wand of polymorph (21)
 K - a wand of digging (3)
 L - a wand of acid (2)
 Z - a wand of mindburst (14)
Scrolls
 e - 2 scrolls of revelation
 m - 6 scrolls of fear
 A - a scroll of summoning
 B - a scroll of fog
 G - 6 scrolls of enchant weapon
 Q - a scroll of poison
 R - a scroll of enchant armour
 U - a scroll of silence
 V - 3 scrolls of brand weapon
Potions
 d - 5 potions of might
 f - 8 potions of heal wounds
 h - 2 potions of magic
 i - a potion of ambrosia
 q - 6 potions of curing
 t - 2 potions of invisibility
 x - 2 potions of resistance {unknown}
 z - a potion of brilliance {unknown}
 C - 2 potions of lignification {unknown}
 E - 3 potions of cancellation {unknown}
 F - 5 potions of enlightenment {unknown}
 M - 4 potions of haste {unknown}
 W - 4 potions of attraction {unknown}
 X - 4 potions of mutation
Miscellaneous
 n - a sack of spiders
 O - a condenser vane
 T - a phantom mirror


   Skills:
 + Level 17.0 Fighting
 - Level 14.7 Staves
 + Level 17.0 Armour
 + Level 6.7 Dodging
 + Level 19.9 Shields
 - Level 10.0 Evocations


You had 17 spell levels left.
You didn't know any spells.
Your spell library contained the following spells:

 Spells                   Type           Power      Damage    Failure   Level
 Apportation              Tloc           0%         N/A       52%         1
 Necrotise                Necr           0%         1d4       52%         1
 Sting                    Conj/Alch      0%         1d3       52%         1
 Summon Small Mammal      Summ           0%         N/A       52%         1
 Call Imp                 Summ           0%         N/A       65%         2
 Lesser Beckoning         Tloc           0%         N/A       65%         2
 Mercury Vapours          Alch/Air       0%         N/A       65%         2
 Sublimation of Blood     Necr           0%         N/A       65%         2
 Dazzling Flash           Conj/Hex       0%         N/A       87%         3
 Gell's Gravitas          Tloc           0%         N/A       87%         3
 Hailstorm                Conj/Ice       0%         3d5       87%         3
 Mephitic Cloud           Conj/Alch/Air  0%         N/A       87%         3
 Summon Ice Beast         Ice/Summ       0%         N/A       87%         3
 Teleport Other           Tloc           0%         N/A       87%         3
 Tukima's Dance           Hex            0%         N/A       87%         3
 Anguish                  Hex/Necr       0%         N/A       99%         4
 Cause Fear               Hex            0%         N/A       99%         4
 Iskenderun's Mystic Bla  Conj/Tloc      0%         2d3       99%         4
 Olgreb's Toxic Radiance  Alch           0%         N/A       99%         4
 Passage of Golubria      Tloc           0%         N/A       99%         4
 Curse of Agony           Necr           0%         N/A       100%        5
 Iskenderun's Battlesphe  Conj           0%         2d6       100%        5
 Silence                  Hex/Air        0%         N/A       100%        5
 Yara's Violent Unravell  Hex/Alch       0%         3d3       100%        5
 Bombard                  Conj/Erth      0%         9d1       100%        6
 Dispersal                Tloc           0%         N/A       100%        6
 Eringya's Noxious Bog    Alch           0%         4d6       100%        6
 Sculpt Simulacrum        Ice/Alch       0%         N/A       100%        6
 Enfeeble                 Hex            0%         N/A       100%        7
 Haunt                    Necr/Summ      0%         N/A       100%        7
 Malign Gateway           Summ/Tloc      0%         N/A       100%        7
 Spellforged Servitor     Conj/Summ      0%         N/A       100%        7
 Summon Hydra             Summ           0%         N/A       100%        7
 Borgnjor's Revivificati  Necr           0%         N/A       100%        8
 Disjunction              Tloc           0%         N/A       100%        8
 Summon Horrible Things   Summ           0%         N/A       100%        8
 Death's Door             Necr           0%         N/A       100%        9


Dungeon Overview and Level Annotations

Branches:
Dungeon (15/15)            Temple (0/1) D:7            Lair (5/5) D:10
 Shoals (0/4) Lair:3        Snake (0/4) Lair:3        Slime (0/5) Lair:4
    Orc (2/2) D:12            Elf (3/3) Orc:2        Vaults (0/5) D:13
 Depths (0/4) D:15          Sewer (visited)           IceCv (1/1)
 WizLab (visited)         Gauntlet (visited)

Altars:
Gozag
Makhleb
Ru
Trog
Wu Jian
Xom
Zin

Shops:
D:2 *   Orc:2 [!?:([*!   Elf:2 =

Portals:
Pandemonium: Orc:2

Annotations:
D:13 exclusion: obsidian statue IceCv 1 transporter


Innate Abilities, Weirdness & Mutations

You cannot be hasted, slowed, berserked, paralysed or teleported.
You can dig through walls and to a lower floor.
You have a pair of large antennae on your head. (SInv)
Your four strong arms can wield two-handed weapons with a shield.


Message History

You sock the alligator simulacrum!
You melt the alligator simulacrum.
The alligator simulacrum vaporises!
The Council accepts your kill.
You block the anaconda simulacrum's attack. x2
The anaconda simulacrum grabs you.
You block the anaconda simulacrum's attack.
The anaconda simulacrum constricts you.
Your muscles tense, ready for explosive movement...
The anaconda simulacrum's grasp on you weakens, but your attempt to escape fails.
You block the anaconda simulacrum's attack.
The anaconda simulacrum constricts you. The white very ugly thing pecks you!
The white very ugly thing freezes you!!!
* * * LOW HITPOINT WARNING * * *
You block the lindwurm simulacrum's attack. x2
The lindwurm simulacrum closely misses you.
The seven-headed hydra simulacrum bites you but does no damage.
The seven-headed hydra simulacrum closely misses you.
The seven-headed hydra simulacrum barely misses you.
The seven-headed hydra simulacrum bites you but does no damage. x3
The seven-headed hydra simulacrum completely misses you.
The anaconda simulacrum's grasp on you weakens, but your attempt to escape fails.
You block the anaconda simulacrum's attack.
The anaconda simulacrum constricts you.
* * * LOW HITPOINT WARNING * * *
The white very ugly thing completely misses you.
You block the anaconda simulacrum's attack.
The anaconda simulacrum constricts you.
You feel much better.
You block the anaconda simulacrum's attack.
The anaconda simulacrum constricts you.
You block the white very ugly thing's attack.
The seven-headed hydra simulacrum bites you.
The seven-headed hydra simulacrum freezes you!
* * * LOW HITPOINT WARNING * * *
You block the seven-headed hydra simulacrum's attack.
The seven-headed hydra simulacrum barely misses you.
The seven-headed hydra simulacrum bites you!
* * * LOW HITPOINT WARNING * * *
The seven-headed hydra simulacrum freezes you!!!
You die...

##........
##..........
##...........
#.......8..$.
#.........?.8
#∩∩......![©©
#.....Z...).8
#..ZZZ..8..$.
##..@uZ......
##..........
##........#
####...###
####


You could see a white very ugly thing, an anaconda simulacrum, an alligator
simulacrum, a seven-headed hydra simulacrum and 2 lindwurm simulacra.

Vanquished Creatures
  Rupert (D:14)
  3 deep elf master archers (WizLab)
  Kirke (Lair:5)
  Gastronok (D:12)
  2 thorn hunters (WizLab)
  3 fenstrider witches (WizLab)
  Louise (Elf:2)
  The ghost of lis82 the Nimble, a journeyman DgIE (Lair:5)
  2 eleionomae (WizLab)
  Azrael (D:15)
  A minotaur (Gauntlet)
  2 shambling mangroves (WizLab)
  A vault guard (D:13)
  Harold (D:11)
  A demonspawn (Orc:2)
  4 hydras
  9 centaur warriors
  5 boulder beetles
  6 catoblepae
  A tengu warrior (D:15)
  15 death yaks
  7 two-headed ogres
  27 dancing weapons
  6 orc high priests (Orc:2)
  3 satyrs (WizLab)
  4 naga sharpshooters (WizLab)
  2 thrashing horrors (Gauntlet)
  13 deep elf knights
  2 skysharks
  A glowing orange brain (D:15)
  11 deep elf archers
  An arcanist (D:13)
  A lindwurm (Lair:5)
  23 deep elf zephyrmancers
  2 necromancers (D:13)
  5 orc sorcerers (Orc:2)
  5 fauns (WizLab)
  5 orc knights
  19 deep elf pyromancers
  18 ugly things
  A salamander (Lair:5)
  2 manticores (Lair:5)
  2 kobold blastminers (Orc:2)
  3 cyclopes
  3 meliai (D:13)
  2 ice statues (Elf:3)
  8 cane toads
  A guardian serpent (shapeshifter) (D:15)
  2 smoke demons (Orc:2)
  2 black mambas
  A cane toad (shapeshifter) (Elf:1)
  A gargoyle (D:12)
  2 unseen horrors
  2 komodo dragons
  7 rime drakes
  An anaconda simulacrum (IceCv)
  A komodo dragon (shapeshifter) (Elf:1)
  An ice devil (Orc:2)
  6 yaktaurs
  2 hellwings (Orc:2)
  A troll (Orc:1)
  A troll (shapeshifter) (Lair:1)
  4 hornets
  2 polar bears
  12 blink frogs
  An alligator simulacrum (IceCv)
  Grinder (D:3)
  5 dream sheep
  15 slime creatures
  3 centaur simulacra (Gauntlet)
  4 shadows
  11 wyverns
  3 water elementals
  3 hogs (Lair:5)
  14 humans (D:13)
  A wraith (D:12)
  58 yaks
  2 vampires
  6 fire elementals
  2 wargs (Orc:2)
  9 basilisks
  3 vampire mosquitoes (D:12)
  2 steam dragons
  18 water moccasins
  6 acid dragons
  4 hell hounds (D:15)
  27 orc warriors
  5 black bears
  An ettin simulacrum (IceCv)
  2 small abominations (Gauntlet)
  11 ogres
  18 wolves
  20 centaurs
  4 phantoms (D:6)
  8 kobold brigands
  A cane toad simulacrum (Gauntlet)
  8 bullfrogs
  A gnoll sergeant (D:9)
  2 scorpions
  A wyvern zombie (D:6)
  2 earth elementals (Elf:1)
  An electric eel (Lair:4)
  4 howler monkeys
  A lava snake (Lair:5)
  A bullfrog zombie (D:6)
  2 centaur zombies (D:6)
  29 orc priests
  3 bullfrog skeletons (D:6)
  A bombardier beetle (D:5)
  3 hounds
  Crazy Yiuf (D:3)
  6 jellies
  2 gnoll boudas
  Terence (D:2)
  6 hell rats
  2 iguanas (D:6)
  9 orc wizards
  A boggart simulacrum (Gauntlet)
  2 howler monkey zombies (D:6)
  13 gnolls
  4 river rats
  12 adders
  2 shadow imps
  A white imp (D:7)
  3 dart slugs
  4 ribbon worms (Sewer)
  57 orcs
  5 bats
  6 endoplasms
  7 giant cockroaches
  5 goblins
  3 hobgoblins (D:4)
  6 jackals
  28 kobolds
  7 quokkas
  8 ball pythons
  4 frilled lizards
  9 rats
828 creatures vanquished.

Vanquished Creatures (collateral kills)
  A vault guard (D:13)
  5 humans (D:13)
  A water moccasin (Lair:3)
  A kobold (D:10)
8 creatures vanquished.

Vanquished Creatures (others)
  An angel (D:4)
  A black mamba (Lair:3)
  A human (Lair:5)
  A water moccasin (Lair:3)
  A black bear (D:4)
  An orc (Orc:2)
  A goblin (D:4)
  A kobold zombie (Sewer)
8 creatures vanquished.

Grand Total: 844 creatures vanquished

Notes
Turn   | Place    | Note
-------+----------+-------------------------------------------
     0 | D:1      | Ivernyr the Formicid Fighter began the quest for the Orb.
     0 | D:1      | Reached XP level 1. HP: 18/18 MP: 1/1
    71 | D:1      | Reached XP level 2. HP: 24/24 MP: 2/2
    93 | D:1      | Found a faded altar of an unknown god.
   619 | D:2      | Reached XP level 3. HP: 28/29 MP: 3/3
   626 | D:2      | Found a sacrificial altar of Ru.
   660 | D:2      | Found Daxzurr's General Store.
   905 | D:2      | Noticed Terence
   915 | D:2      | Killed Terence
   916 | D:2      | Reached XP level 4. HP: 10/37 MP: 4/4
  1497 | D:3      | Found an ornate altar of the Wu Jian Council.
  1499 | D:3      | Found a bloodstained altar of Trog.
  1502 | D:3      | Became a worshipper of the Wu Jian Council
  1505 | D:3      | Found an opulent altar of Gozag.
  1754 | D:3      | Found a runed translucent door.
  1755 | D:3      | Noticed Crazy Yiuf
  1769 | D:3      | Killed Crazy Yiuf
  1770 | D:3      | Reached XP level 5. HP: 25/42 MP: 5/5
  1905 | D:3      | Noticed Grinder
  1936 | D:3      | Killed Grinder
  1937 | D:3      | Reached skill level 5 in Shields
  1937 | D:3      | Reached XP level 6. HP: 46/49 MP: 6/6
  2209 | D:4      | Noticed a black bear
  2224 | D:4      | Reached XP level 7. HP: 55/55 MP: 7/7
  2269 | D:4      | Found the +3 Elemental Staff {ele, rElec rF+ rC+ AC+3}
  2310 | D:4      | Found a glowing silver altar of Zin.
  2318 | D:4      | Noticed an angel
  2322 | D:4      | Found a shimmering altar of Xom.
  2331 | D:4      | Reached skill level 5 in Staves
  2438 | D:4      | Reached skill level 5 in Fighting
  2438 | D:4      | Reached skill level 5 in Armour
  2438 | D:4      | Reached skill level 6 in Shields
  2654 | D:4      | Reached XP level 8. HP: 33/62 MP: 8/8
  2725 | D:4      | Killed an angel
  3047 | D:5      | Entered Level 5 of the Dungeon
  3103 | D:5      | Found a glowing drain.
  3107 | D:5      | Reached * piety under Wu Jian
  3122 | Sewer    | Entered a sewer
  4060 | D:5      | Identified the +0 leather armour "Vibiavil" {rPois Will+
                  | Str+4 Stlth-}
  4304 | D:5      | Reached skill level 7 in Shields
  4455 | D:6      | Reached XP level 9. HP: 25/69 MP: 9/9
  4819 | D:6      | Reached ** piety under Wu Jian
  4970 | D:6      | Reached skill level 8 in Shields
  5381 | D:7      | Found a staircase to the Ecumenical Temple.
  6192 | D:8      | Reached XP level 10. HP: 79/79 MP: 10/10
  7013 | D:9      | Noticed a two-headed ogre
  7020 | D:9      | Killed a two-headed ogre
  7021 | D:9      | Reached skill level 9 in Shields
  7046 | D:9      | Noticed a two-headed ogre
  7056 | D:9      | Killed a two-headed ogre
  7387 | D:9      | Reached *** piety under Wu Jian
  7539 | D:9      | Reached skill level 10 in Staves
  7855 | D:9      | Reached skill level 10 in Shields
  7855 | D:9      | Reached XP level 11. HP: 87/87 MP: 11/11
  8031 | D:9      | Noticed a two-headed ogre
  8062 | D:9      | Killed a two-headed ogre
  8240 | D:10     | Entered Level 10 of the Dungeon
  8278 | D:10     | Noticed a death yak
  8278 | D:10     | Noticed a death yak
  8303 | D:10     | Killed a death yak
  8335 | D:10     | Found a staircase to the Lair.
  8371 | D:10     | Noticed a death yak
  8381 | D:10     | Killed a death yak
  8392 | D:10     | Killed a death yak
  8398 | D:10     | Reached skill level 11 in Shields
  8460 | D:10     | Identified the ring "Ewuh" {^Contam Fly Int+6 Stlth+}
  9205 | Lair:1   | Entered Level 1 of the Lair of Beasts
  9214 | Lair:1   | Reached **** piety under Wu Jian
  9348 | Lair:1   | Reached XP level 12. HP: 96/96 MP: 12/12
  9439 | Lair:1   | Noticed a boulder beetle
  9465 | Lair:1   | Killed a boulder beetle
  9605 | Lair:1   | Reached skill level 10 in Fighting
  9612 | Lair:1   | Reached skill level 10 in Armour
  9654 | Lair:1   | Found a burning altar of Makhleb.
  9822 | Lair:1   | Reached skill level 12 in Shields
 10330 | Lair:2   | Reached ***** piety under Wu Jian
 10540 | Lair:2   | Noticed a seven-headed hydra
 10544 | Lair:2   | Noticed a death yak
 10545 | Lair:2   | Noticed a death yak
 10545 | Lair:2   | Killed a seven-headed hydra
 10556 | Lair:2   | Noticed a death yak
 10562 | Lair:2   | Noticed a death yak
 10565 | Lair:2   | Noticed a death yak
 10578 | Lair:2   | You fall into a shaft and drop 2 floors!
 10673 | Lair:4   | Noticed a catoblepas
 10694 | Lair:4   | Killed a catoblepas
 10713 | Lair:4   | Reached XP level 13. HP: 74/104 MP: 13/13
 10858 | Lair:4   | Noticed a five-headed hydra
 11000 | Lair:2   | Reached skill level 13 in Shields
 11018 | Lair:2   | Noticed a catoblepas
 11031 | Lair:2   | Killed a catoblepas
 11467 | Lair:3   | Found a staircase to the Snake Pit.
 11555 | Lair:3   | Found a staircase to the Shoals.
 12605 | Lair:4   | Reached XP level 14. HP: 63/114 MP: 14/14
 12681 | Lair:4   | Reached skill level 14 in Shields
 12739 | Lair:4   | Found a staircase to the Slime Pits.
 12959 | Lair:4   | Reached skill level 1 in Evocations
 13021 | Lair:5   | Entered Level 5 of the Lair of Beasts
 13236 | Lair:5   | Found a runed translucent gate.
 13236 | Lair:5   | Found a runed translucent gate.
 13236 | Lair:5   | Found a runed translucent gate.
 13262 | Lair:5   | Noticed Kirke
 13270 | Lair:5   | Killed Kirke
 13270 | Lair:5   | Reached ****** piety under Wu Jian
 13271 | Lair:5   | Found a gate leading to a gauntlet.
 13280 | Gauntlet | Entered a Gauntlet
 13280 | Gauntlet | Found a transporter.
 13300 | Gauntlet | Found a runed translucent gate.
 13300 | Gauntlet | Found a runed translucent gate.
 13301 | Gauntlet | Found a runed translucent gate.
 13307 | Gauntlet | Found a transporter.
 13310 | Gauntlet | Found a transporter.
 13311 | Gauntlet | Found a transporter.
 13319 | Gauntlet | Found a transporter.
 13322 | Gauntlet | Found a transporter.
 13323 | Gauntlet | Found a transporter.
 13330 | Gauntlet | Found a runed translucent door.
 13333 | Gauntlet | Found a transporter.
 13334 | Gauntlet | Found a transporter.
 13335 | Gauntlet | Found a transporter.
 13343 | Gauntlet | Found a transporter.
 13346 | Gauntlet | Found a transporter.
 13347 | Gauntlet | Found a transporter.
 13356 | Gauntlet | Found a transporter.
 13670 | Gauntlet | Identified the +2 chain mail of Hust {rPois Dex+2}
 13670 | Gauntlet | Noticed a minotaur
 13676 | Gauntlet | Killed a minotaur
 13737 | Gauntlet | Identified the amulet of Doenohaq {Reflect Harm Dex+2 SH+5}
 13776 | Gauntlet | Identified the +0 buckler "Kiameto" {rN+ Will+ Str+4}
 13777 | Gauntlet | Got the Compilation of the Compass
 14133 | Lair:5   | Reached skill level 15 in Shields
 14325 | Lair:5   | Noticed lis82's ghost (journeyman DgIE)
 14468 | Lair:5   | Reached skill level 5 in Evocations
 14516 | Lair:5   | Reached XP level 15. HP: 106/123 MP: 15/15
 14672 | Lair:5   | Identified the staff "Qusmoyh" {rC+ Will- Str+8 Ice}
 14956 | Lair:5   | Killed lis82's ghost
 15226 | D:11     | Noticed Harold
 15240 | D:11     | Killed Harold
 15817 | D:12     | Noticed Gastronok
 15819 | D:12     | Identified the +3 leather armour of Burnt Joy {Regen+
                  | Int+2}
 16002 | D:12     | Killed Gastronok
 16291 | D:12     | Found a staircase to the Orcish Mines.
 16435 | D:12     | Reached skill level 16 in Shields
 17013 | D:13     | Found a gate to the Vaults.
 17700 | D:14     | Noticed Rupert
 17705 | D:14     | Killed Rupert
 17841 | D:14     | Reached XP level 16. HP: 40/134 MP: 16/16
 18327 | D:14     | Identified the +0 scale mail of Farfalle {rPois Str-3 Int+3
                  | SInv}
 18372 | D:14     | Identified the +1 robe of the Ant {Dex+4 Stlth+}
 18506 | D:15     | Entered Level 15 of the Dungeon
 18518 | D:15     | Reached skill level 17 in Shields
 18523 | D:15     | Identified the ring "Aghar" {Fly rN+++ Str-3 Int+5 Dex+6}
 18710 | D:15     | Noticed Azrael
 18722 | D:15     | Killed Azrael
 18907 | D:15     | Found a staircase to the Depths.
 19520 | Orc:1    | Entered Level 1 of the Orcish Mines
 19624 | Orc:2    | Entered Level 2 of the Orcish Mines
 19624 | Orc:2    | Found a staircase to the Elven Halls.
 19758 | Orc:2    | Found Loxouq's Magic Scroll Emporium.
 19772 | Orc:2    | Bought a scroll of enchant armour for 105 gold pieces
 19840 | Orc:2    | Found Ishu's Antique Armour Shoppe.
 19852 | Orc:2    | Bought a pair of runed boots for 150 gold pieces
 19866 | Orc:2    | Found a shimmering altar of Xom.
 19877 | Orc:2    | Found Cisuir's Distillery.
 19884 | Orc:2    | Bought a potion of mutation for 112 gold pieces
 19884 | Orc:2    | Bought a potion of mutation for 112 gold pieces
 19954 | Orc:2    | Found Jais's General Store.
 19978 | Orc:2    | Found Lugroys's Distillery.
 20021 | Orc:2    | Bought a potion of might for 60 gold pieces
 20021 | Orc:2    | Bought a potion of heal wounds for 75 gold pieces
 20183 | Orc:2    | Found Leush's Antique Armour Emporium.
 20492 | Orc:2    | Reached skill level 15 in Fighting
 20783 | Orc:2    | Reached skill level 15 in Armour
 20887 | Orc:2    | Found Urroestru's Antique Weapon Emporium.
 20887 | Orc:2    | Found a one-way gate leading to the halls of Pandemonium.
 20887 | Orc:2    | Found Zuerr's Book Shoppe.
 21072 | Orc:2    | Bought a masterwork glaive for 333 gold pieces
 21072 | Orc:2    | Identified the +2 glaive "Juorch" {heavy, Str+2} (You
                  | bought it in a shop on level 2 of the Orcish Mines)
 21402 | Orc:1    | Reached skill level 10 in Evocations
 21694 | Elf:1    | Entered Level 1 of the Elven Halls
 21732 | Elf:1    | Reached skill level 1 in Dodging
 21744 | Elf:1    | Found a magical portal.
 21756 | WizLab   | Entered Eringya's Formal Garden
 21774 | WizLab   | Reached skill level 18 in Shields
 21793 | WizLab   | Reached XP level 17. HP: 130/142 MP: 17/17
 22006 | WizLab   | Noticed a deep elf master archer
 22008 | WizLab   | Killed a deep elf master archer
 22599 | WizLab   | Noticed a thorn hunter
 22608 | WizLab   | Killed a thorn hunter
 22897 | WizLab   | Found a blossoming altar of Fedhas.
 22948 | WizLab   | Noticed a deep elf master archer
 22952 | WizLab   | Killed a deep elf master archer
 23050 | WizLab   | Noticed a deep elf master archer
 23055 | WizLab   | Killed a deep elf master archer
 23155 | WizLab   | Got Eringya's Lectures on Transmogrification
 23173 | WizLab   | Noticed a thorn hunter
 23190 | WizLab   | Killed a thorn hunter
 24144 | Elf:1    | Reached skill level 19 in Shields
 24557 | Elf:1    | Reached skill level 5 in Dodging
 24847 | Elf:1    | Reached XP level 18. HP: 153/153 MP: 18/18
 25157 | Elf:2    | Noticed Louise
 25184 | Elf:2    | Killed Louise
 25592 | Elf:2    | Found Quczoang's Jewellery Emporium.
 25896 | Elf:2    | Found a runed translucent gate.
 25896 | Elf:2    | Found a runed translucent gate.
 25897 | Elf:2    | Found a runed translucent gate.
 27717 | Elf:3    | Entered Level 3 of the Elven Halls
 27717 | Elf:3    | Found a glacial archway.
 27877 | IceCv    | Entered an ice cave
 27885 | IceCv    | Found a transporter.
 27889 | IceCv    | Mangled by a seven-headed hydra simulacrum

Illustrated notes

Levels and vault maps discovered:
D:1:      ebering_hopf_link, layout_basic, hellmonk_ecumenical_altar_run_dry,
          minmay_misc_feat_nine_boxes, minmay_tromino_i4
D:2:      layout_rooms, serial_shops, shop, basic_altar,
          corexii_leaking_fountain, hangedman_decor_peaks_small, minivault_11,
          uniq_terence
D:3:      layout_basic, minitemple, uniq_crazy_yiuf_cottage, uniq_jessica,
          uniq_grinder
D:4:      layout_basic, grunt_temple_overflow_order_and_chaos_1
D:5:      layout_loops_ring, portal_sewer_entry_f
D:6:      layout_cave_pools, serial_undead, serial_undead_b, serial_undead_a,
          serial_undead_b, serial_undead_a, serial_undead_a, serial_undead_b,
          serial_undead_c, serial_undead_b
D:7:      hellmonk_ruined_rings, layout_basic, minmay_temple_entry_arrows
D:8:      layout_loops_corners
D:9:      layout_stronghold, minivault_22
D:10:     layout_irregular_city, dpeg_lair_monsters
D:11:     layout_cave_pools, uniq_harold
D:12:     layout_gridville, orc_0_dummy, uniq_gastronok
D:13:     layout_loops_ring, grunt_vaults_entry_tiered, minivault_16
D:14:     layout_basic, hangedman_abyss_or_decor_passed, uniq_rupert
D:15:     gammafunk_enter_depths_forms, layout_loops_cross, uniq_azrael
Lair:1:   layout_long_grid, basic_altar, st_stairs_11, grunt_forest_stairs_basic
Lair:2:   layout_cave_pods, grunt_megastairs_4, serial_bayou_shore_b
Lair:3:   layout_regular_city, minmay_shoals_entry_centaurs,
          minmay_snake_entry_six_corridors, serial_bayou_shore_b
Lair:4:   layout_roguey [special_room_mythical_zoo], minmay_slime_entry_pillars,
          minmay_lindwurm_lava, serial_bayou_shore_a,
          infiniplex_staircase_pool_2
Lair:5:   evilmike_catoblepas_cave, layout_gridlike, gammafunk_ghost_hydra_chop,
          gauntlet_entry_generic, lemuel_fruit_tree, uniq_kirke
Orc:1:    layout_diamond_mine
Orc:2:    pf_orc_diabolical, layout_caves, serial_shops, shop,
          nicolae_shop_hallway_stairs, nicolae_square_shop,
          nicolae_shop_advertising_works [nicolae_subvault_shop_adworks],
          basic_altar
Elf:1:    layout_gridlike, infiniplex_enter_wizlab_glasses, minivault_28,
          hex_tiny, serial_sigils_hangedman_quiver, drop_trap
Elf:2:    nicolae_elf_blades_splatter_lattice
          [nicolae_blade_entry_diamond_columns], layout_geoelf_octagon,
          serial_shops, nicolae_stop_n_shop_1, uniq_louise
Elf:3:    minmay_elf_hall_circle, layout_geoelf_diagonals, serial_shops,
          nicolae_shop_tiny_real_fake_doors,
          portal_ice_cave_entry_ice_statue_two, solitary_fountain,
          minmay_shop_grove
IceCv:    ice_cave_statue_garden_transporter

Skill      XL: |  1  2  3  4  5  6  7  8  9 10 11 12 13 14 15 16 17 18 |
---------------+-------------------------------------------------------+-----
Staves         | 3 4 5 6 8 10 11 13 14 | 14.7
Fighting       | 4 5 6 7 8 9 10 11 13 14 15 16 17 | 17.0
Armour         | 4 5 6 7 8 9 10 11 13 14 15 16 17 | 17.0
Shields        | 5 6 7 8 10 11 12 13 15 16 18 19 | 19.9
Evocations     | 5 8 10 | 10.0
Dodging        | 1 5 6 |  6.7

Action                     |  1- 3 |  4- 6 |  7- 9 | 10-12 | 13-15 | 16-18 || total
---------------------------+-------+-------+-------+-------+-------+-------++-------
  Melee: Quarterstaff      |    64 |    86 |   348 |   472 |   903 |  1004 ||  2877
 Invoke: Serpent's Lash    |       |       |       |     1 |     5 |     4 ||    10
Ability: Lunge             |       |     5 |    15 |    28 |    56 |   128 ||   232
         Whirlwind         |       |       |     4 |   104 |   175 |   177 ||   460
         Dig               |       |       |       |     2 |     1 |     1 ||     4
         Shaft Self        |       |       |       |     1 |       |       ||     1
  Evoke: Sack of spiders   |       |       |       |       |     1 |       ||     1
    Use: Potion            |       |     2 |       |     1 |     2 |     5 ||    10
         Scroll            |       |       |       |     9 |     7 |     7 ||    23
   Stab: Confused          |       |       |       |     3 |     4 |       ||     7
         Paralysed         |       |       |       |     2 |     3 |       ||     5
         Distracted        |       |       |       |       |     1 |       ||     1
 Armour: Scale mail        |    43 |    59 |   183 |   163 |   227 |       ||   675
         Quicksilver drago |       |       |       |       |   139 |   252 ||   391
  Dodge: Dodged            |    42 |    35 |   113 |   149 |   179 |   106 ||   624
  Block: Buckler           |    23 |    28 |    71 |    98 |    74 |       ||   294
         Kite shield       |       |       |       |       |   269 |   481 ||   750
         Reflection        |       |       |       |       |    22 |   121 ||   143
